[ PARTIDA AOE2 · #460682103 ]
UnrankedPortugueses vs Byzantines
Equipo del jugador · VICT
Equipo rival · DERR
[ ANÁLISIS DE REPETICIÓN · EXTRAÍDO DE LA PARTIDA GRABADA ]
Feudal
—
Castillos
—
Imperial
—
| APM promedio | 18.8 |
| APM pico | 64 |
| eAPM promedio | 10.4 |
| Aldeanos / militares | 205 / 236 |
Foco
⚔️ 35.8% · 🌾 64.2%
Unknown (2626) ×118 · Caravel ×82 · Cannon Galleon ×79 · Organ Gun ×65 · Fishing Ship ×37 · Trade Cog ×7
Feudal
13:13
Castillos
18:10
Imperial
41:59
| APM promedio | 35.1 |
| APM pico | 70 |
| eAPM promedio | 17.0 |
| Aldeanos / militares | 134 / 257 |
Foco
⚔️ 27.5% · 🌾 72.5%
Fire Galley ×80 · Knight ×79 · Galley ×40 · Demolition Raft ×24 · Bombard Cannon ×20 · Fishing Ship ×11
Mapa de la partida
Recursos iniciales + cada clic de construcción. Líneas = muros · curvas = relieve. ◆ oro · ⬟ piedra · ● bayas · ✦ reliquia · ◌ hueco del cierre
Tu base· ✓ Separados por el mapa
Base de DoubleThinker· ✓ Separados por el mapa
Terreno inicial suavizado · ◌ = hueco del cierre detectado · pasá el cursor para detalles
Inputs por minuto
— ScarePancake163 - - DoubleThinker
Build order — ScarePancake163
Primeras 150 de 342 acciones detectadas
| 0:01 | Crear | Villager (Male) |
| 0:04 | Construir | House |
| 0:05 | Construir | House |
| 0:23 | Crear | Villager (Male) |
| 0:24 | Crear | Villager (Male) |
| 0:24 | Crear | Villager (Male) |
| 0:24 | Crear | Villager (Male) |
| 1:34 | Crear | Villager (Male) |
| 2:01 | Construir | Lumber Camp |
| 2:03 | Crear | Villager (Male) |
| 2:26 | Crear | Villager (Male) |
| 2:58 | Crear | Villager (Male) |
| 3:21 | Crear | Villager (Male) |
| 3:21 | Crear | Villager (Male) |
| 3:46 | Crear | Villager (Male) |
| 4:11 | Crear | Villager (Male) |
| 4:30 | Crear | Villager (Male) |
| 4:30 | Crear | Villager (Male) |
| 4:54 | Crear | Villager (Male) |
| 5:14 | Construir | Dock |
| 5:26 | Crear | Villager (Male) |
| 5:59 | Crear | Villager (Male) |
| 6:05 | Crear | Fishing Ship |
| 6:05 | Crear | Fishing Ship |
| 6:15 | Construir | House |
| 6:20 | Investigar | Loom |
| 6:20 | Crear | Villager (Male) ×2 |
| 7:10 | Crear | Villager (Male) |
| 7:19 | Crear | Villager (Male) |
| 7:40 | Crear | Fishing Ship |
| 7:47 | Construir | House |
| 8:38 | Investigar | Feudal Age |
| 8:56 | Crear | Villager (Male) |
| 8:56 | Crear | Villager (Male) |
| 9:04 | Crear | Fishing Ship |
| 9:04 | Crear | Fishing Ship |
| 9:34 | Construir | Dock |
| 10:23 | Crear | Villager (Male) |
| 10:28 | Construir | House |
| 10:30 | Construir | House |
| 10:54 | Crear | Fishing Ship |
| 10:55 | Crear | Fishing Ship |
| 11:06 | Construir | Mining Camp |
| 11:20 | Construir | House |
| 11:21 | Construir | House |
| 11:26 | Construir | Blacksmith |
| 12:04 | Crear | Unit 2626 |
| 12:09 | Crear | Unit 2626 |
| 12:12 | Crear | Villager (Male) |
| 12:12 | Crear | Villager (Male) |
| 12:13 | Crear | Villager (Male) |
| 12:13 | Crear | Villager (Male) |
| 12:49 | Crear | Unit 2626 ×2 |
| 13:23 | Crear | Trade Cog |
| 13:23 | Crear | Trade Cog |
| 13:44 | Crear | Trade Cog |
| 13:44 | Crear | Trade Cog |
| 13:46 | Crear | Villager (Male) |
| 13:47 | Crear | Villager (Male) |
| 13:47 | Crear | Villager (Male) |
| 13:51 | Construir | House |
| 13:52 | Construir | House |
| 13:59 | Construir | House |
| 14:12 | Crear | Trade Cog |
| 14:13 | Crear | Trade Cog |
| 14:27 | Crear | Trade Cog |
| 14:44 | Crear | Unit 2626 |
| 14:44 | Crear | Unit 2626 |
| 14:52 | Crear | Unit 2626 |
| 14:52 | Crear | Unit 2626 |
| 15:10 | Crear | Villager (Male) |
| 15:11 | Crear | Villager (Male) |
| 15:11 | Crear | Villager (Male) |
| 15:24 | Construir | Dock |
| 15:35 | Crear | Unit 2626 |
| 15:49 | Construir | Lumber Camp |
| 15:58 | Crear | Unit 2626 |
| 16:05 | Investigar | Fletching |
| 16:38 | Crear | Unit 2626 ×3 |
| 16:53 | Investigar | Town Watch |
| 16:54 | Crear | Villager (Male) |
| 16:55 | Crear | Villager (Male) |
| 16:56 | Crear | Villager (Male) |
| 17:36 | Crear | Unit 2626 ×5 |
| 17:58 | Crear | Villager (Male) |
| 17:58 | Crear | Villager (Male) |
| 18:33 | Crear | Unit 2626 |
| 18:34 | Crear | Unit 2626 |
| 18:34 | Crear | Unit 2626 |
| 18:34 | Crear | Unit 2626 |
| 18:35 | Crear | Unit 2626 |
| 18:35 | Crear | Unit 2626 |
| 18:42 | Construir | House |
| 18:43 | Construir | House |
| 19:22 | Crear | Villager (Male) |
| 19:23 | Crear | Villager (Male) |
| 19:28 | Construir | Mill |
| 20:42 | Crear | Fishing Ship ×5 |
| 21:09 | Construir | House |
| 21:20 | Construir | Market |
| 22:44 | Investigar | Castle Age |
| 22:46 | Crear | Unit 2626 ×5 |
| 23:20 | Construir | Dock |
| 23:24 | Investigar | Gold Mining |
| 23:25 | Investigar | Double-Bit Axe |
| 23:27 | Investigar | Horse Collar |
| 24:04 | Crear | Fire Galley ×5 |
| 24:11 | Crear | Unit 2626 ×5 |
| 25:31 | Construir | Town Center |
| 25:40 | Construir | Town Center |
| 25:45 | Crear | Villager (Male) |
| 26:03 | Investigar | War Galley (upgrade) |
| 26:20 | Crear | Fire Galley ×2 |
| 26:36 | Crear | Caravel |
| 26:54 | Crear | Caravel ×4 |
| 27:04 | Crear | Villager (Male) |
| 27:04 | Crear | Villager (Male) |
| 27:06 | Crear | Villager (Male) ×5 |
| 27:06 | Crear | Villager (Male) ×5 |
| 27:06 | Crear | Villager (Male) ×5 |
| 27:06 | Crear | Villager (Male) ×5 |
| 27:07 | Crear | Villager (Male) ×5 |
| 27:32 | Crear | Caravel ×3 |
| 27:32 | Crear | Caravel ×3 |
| 27:42 | Crear | Villager (Male) ×4 |
| 27:42 | Crear | Villager (Male) ×4 |
| 28:02 | Investigar | Bow Saw |
| 28:05 | Crear | Caravel ×2 |
| 28:16 | Construir | House |
| 28:17 | Construir | House |
| 28:19 | Construir | House |
| 28:20 | Construir | House |
| 28:31 | Investigar | Bodkin Arrow |
| 28:47 | Crear | Caravel ×4 |
| 29:52 | Crear | Caravel ×5 |
| 29:52 | Crear | Caravel ×5 |
| 30:30 | Crear | Villager (Male) ×5 |
| 30:30 | Crear | Villager (Male) ×5 |
| 30:30 | Crear | Villager (Male) ×2 |
| 30:34 | Crear | Caravel ×5 |
| 30:35 | Crear | Caravel ×5 |
| 30:53 | Crear | Villager (Male) |
| 30:56 | Construir | House |
| 30:59 | Construir | House |
| 30:59 | Construir | House |
| 31:00 | Construir | House |
| 31:21 | Construir | Dock |
| 31:30 | Construir | House |
| 31:31 | Construir | House |
| 31:34 | Construir | Monastery |
Build order — DoubleThinker
Primeras 150 de 447 acciones detectadas
| 0:02 | Crear | Villager (Male) |
| 0:02 | Crear | Villager (Male) |
| 0:05 | Construir | House |
| 0:07 | Construir | House |
| 0:09 | Crear | Villager (Male) |
| 0:09 | Crear | Villager (Male) |
| 1:25 | Crear | Villager (Male) |
| 1:52 | Construir | Lumber Camp |
| 2:09 | Crear | Villager (Male) |
| 2:22 | Crear | Villager (Male) |
| 3:00 | Crear | Villager (Male) |
| 3:00 | Crear | Villager (Male) |
| 3:12 | Crear | Villager (Male) |
| 3:31 | Construir | House |
| 3:32 | Construir | House |
| 3:39 | Crear | Villager (Male) |
| 3:40 | Crear | Villager (Male) |
| 3:52 | Crear | Villager (Male) |
| 4:39 | Crear | Villager (Male) |
| 4:40 | Crear | Villager (Male) |
| 5:08 | Construir | Dock |
| 5:12 | Crear | Villager (Male) |
| 5:12 | Crear | Villager (Male) |
| 5:14 | Crear | Villager (Male) |
| 5:47 | Crear | Fishing Ship |
| 5:59 | Crear | Villager (Male) |
| 6:10 | Crear | Villager (Male) |
| 6:13 | Crear | Fishing Ship |
| 6:50 | Crear | Villager (Male) |
| 6:52 | Crear | Fishing Ship |
| 7:11 | Crear | Villager (Male) |
| 7:16 | Crear | Fishing Ship |
| 7:41 | Construir | House |
| 7:42 | Construir | House |
| 7:44 | Crear | Villager (Male) |
| 7:48 | Crear | Fishing Ship |
| 8:08 | Crear | Villager (Male) |
| 8:20 | Crear | Villager (Male) |
| 8:31 | Crear | Villager (Male) |
| 8:44 | Crear | Villager (Male) |
| 8:48 | Crear | Fishing Ship |
| 8:49 | Crear | Fishing Ship |
| 9:10 | Crear | Fishing Ship |
| 9:42 | Crear | Villager (Male) |
| 9:46 | Crear | Fishing Ship |
| 10:06 | Construir | Mill |
| 10:26 | Construir | Dock |
| 10:43 | Construir | Mining Camp |
| 11:03 | Investigar | Feudal Age |
| 11:25 | Crear | Fishing Ship |
| 11:58 | Construir | House |
| 11:59 | Construir | House |
| 12:00 | Construir | House |
| 13:13 | Edad | Edad Feudal |
| 13:30 | Crear | Unit 2626 ×5 |
| 13:54 | Construir | Market |
| 14:23 | Crear | Villager (Male) |
| 14:23 | Crear | Villager (Male) |
| 14:41 | Construir | Blacksmith |
| 15:23 | Crear | Unit 2626 |
| 15:23 | Crear | Unit 2626 |
| 15:30 | Investigar | Castle Age |
| 15:35 | Investigar | Double-Bit Axe |
| 15:42 | Investigar | Gold Mining |
| 16:07 | Investigar | Tech 906 |
| 16:26 | Construir | Barracks |
| 16:44 | Investigar | Forging |
| 17:27 | Crear | Galley ×3 |
| 17:45 | Investigar | Fletching |
| 18:10 | Edad | Edad de los Castillos |
| 18:49 | Crear | Villager (Male) |
| 18:50 | Crear | Villager (Male) |
| 18:59 | Construir | Town Center |
| 19:04 | Investigar | Bow Saw |
| 19:04 | Investigar | Bow Saw |
| 19:15 | Investigar | Gold Shaft Mining |
| 19:16 | Crear | Villager (Male) |
| 19:44 | Crear | Villager (Male) |
| 19:44 | Crear | Villager (Male) |
| 20:10 | Crear | Galley |
| 20:10 | Crear | Galley |
| 20:11 | Crear | Galley |
| 20:24 | Investigar | Tech 905 |
| 20:31 | Construir | Farm |
| 20:32 | Construir | Farm |
| 20:32 | Construir | Farm |
| 20:33 | Construir | Farm |
| 20:34 | Construir | Farm |
| 20:34 | Construir | Farm |
| 20:34 | Construir | Farm |
| 20:43 | Crear | Villager (Male) |
| 20:44 | Crear | Villager (Male) |
| 20:44 | Crear | Villager (Male) |
| 20:45 | Crear | Villager (Male) |
| 21:01 | Crear | Demolition Raft |
| 21:01 | Crear | Demolition Raft |
| 21:08 | Crear | Demolition Raft |
| 21:09 | Crear | Demolition Raft |
| 21:54 | Crear | Villager (Male) |
| 21:54 | Crear | Villager (Male) |
| 21:54 | Crear | Villager (Male) |
| 22:36 | Crear | Demolition Raft |
| 22:37 | Crear | Demolition Raft |
| 22:42 | Crear | Villager (Male) |
| 22:42 | Crear | Villager (Male) |
| 22:42 | Crear | Villager (Male) |
| 22:42 | Crear | Villager (Male) |
| 22:43 | Crear | Villager (Male) |
| 22:43 | Crear | Villager (Male) |
| 22:46 | Construir | Farm |
| 22:47 | Construir | Farm |
| 22:50 | Construir | Farm |
| 22:51 | Construir | Farm |
| 22:54 | Construir | Farm |
| 23:51 | Crear | Galley ×5 |
| 23:59 | Crear | Villager (Male) |
| 23:59 | Crear | Villager (Male) |
| 23:59 | Crear | Villager (Male) |
| 24:03 | Construir | Farm |
| 24:03 | Construir | Farm |
| 24:04 | Construir | Farm |
| 24:12 | Construir | Town Center |
| 24:20 | Construir | Farm |
| 24:30 | Construir | House |
| 24:31 | Construir | House |
| 24:32 | Construir | House |
| 24:47 | Construir | Farm |
| 24:52 | Investigar | Stone Mining |
| 24:57 | Construir | House |
| 24:58 | Construir | House |
| 25:06 | Investigar | Bodkin Arrow |
| 25:19 | Construir | Dock |
| 25:22 | Crear | Villager (Male) |
| 25:22 | Crear | Villager (Male) |
| 25:23 | Crear | Villager (Male) |
| 25:51 | Construir | Mining Camp |
| 25:54 | Investigar | War Galley (upgrade) |
| 25:58 | Crear | Villager (Male) |
| 25:58 | Crear | Villager (Male) |
| 25:59 | Crear | Villager (Male) |
| 26:04 | Construir | House |
| 26:04 | Construir | House |
| 26:05 | Construir | House |
| 26:07 | Construir | House |
| 26:08 | Crear | Villager (Male) |
| 26:09 | Crear | Villager (Male) |
| 26:09 | Crear | Villager (Male) |
| 26:14 | Crear | Galley ×5 |
| 26:31 | Crear | Villager (Male) |
| 26:38 | Construir | University |
Cronología de la partida
| 5:08 | DoubleThinker · first_building Dock |
| 5:14 | ScarePancake163 · first_building Dock |
| 13:13 | DoubleThinker · age_up feudal |
| 15:40 | DoubleThinker · first_market_buy 100 wood |
| 16:26 | DoubleThinker · first_building Barracks |
| 18:10 | DoubleThinker · age_up castle |
| 31:25 | DoubleThinker · first_building Stable |
| 31:34 | ScarePancake163 · first_building Monastery |
| 33:13 | DoubleThinker · first_market_sell 500 stone |
| 34:24 | DoubleThinker · first_building Castle |
| 35:51 | ScarePancake163 · first_market_sell 500 wood |
| 35:52 | ScarePancake163 · first_market_buy 100 food |
| 36:49 | ScarePancake163 · first_building Castle |
| 39:07 | DoubleThinker · wall_segment Stone Wall x1 |
| 41:59 | DoubleThinker · age_up imperial |
| 51:03 | DoubleThinker · first_building Siege Workshop |
| 56:35 | DoubleThinker · first_building Monastery |
| 94:35 | DoubleThinker · resign |
[ ANÁLISIS IA · 1 CRÉDITO ]
¿Qué pasó realmente en esta partida?
Wolo.gg analiza cada decisión: build order, eco, micro, errores típicos por bracket. Análisis personalizado por WhatsApp o Discord en 30 segundos.
Guía civ
Portugueses
Perfil
Jugador #1827849